 Dungeon Crawl Stone Soup version 0.31-a0-195-g7586a6f1e9 (webtiles) character file.

Game seed: 6810985852362848640

52 qw the Shooter (level 3, -3/20 HPs)
             Began as a Deep Elf Hunter on June 24, 2023.
             Slain by a goblin
             ... wielding a +0 dagger
             ... led by Robin
              (5 damage)
             ... on level 2 of the Dungeon.
             The game lasted 00:00:25 (898 turns).

qw the Shooter (Deep Elf Hunter)                     Turns: 898, Time: 00:00:26

Health: -3/20      AC:  3    Str: 10    XL:     3   Next: 60%
Magic:  5/5        EV: 12    Int: 13    God:
Gold:   92         SH:  0    Dex: 18    Spells: 2/2 levels left

rFire   . . .        Y - +0 shortbow
rCold   . . .        (shield currently unavailable)
rNeg    . . .        c - +0 leather armour
rPois   .            (no helmet)
rElec   .            (no cloak)
rCorr   .            (no gloves)
SInv    .            (no boots)
Will    .....        (no amulet)
Stlth   ++           (no ring)
HPRegen 0.23/turn    (no ring)
MPRegen 0.09/turn

%: no passive effects
@: no status effects
A: no striking features
a: no special abilities


You were on level 2 of the Dungeon.
You visited 1 branch of the dungeon, and saw 2 of its levels.

You collected 92 gold pieces.


   Skills:
 - Level 1.5 Fighting
 + Level 7.1 Ranged Weapons
 - Level 2.4 Dodging
 - Level 1.2 Stealth


You had 2 spell levels left.
You didn't know any spells.
Your spell library was empty.

Inventory:

Hand Weapons
 Y - a +0 shortbow (weapon)
Armour
 c - a +0 leather armour (worn)
 d - a +0 pair of boots
Scrolls
 a - 2 scrolls of identify
 b - a scroll of noise {unknown}
Potions
 e - a potion of curing {unknown}
 f - 2 potions of attraction {unknown}

Dungeon Overview and Level Annotations

Branches:
Dungeon (2/15)

Altars:
Fedhas

Annotations:
D:2 Robin


Message History

The arrow hits the hobgoblin!
You kill the hobgoblin!
A goblin comes into view. It is wielding a +0 dagger.
The goblin closely misses you. The hobgoblin hits you.
You shoot an arrow. The goblin shouts!
The arrow hits the hobgoblin.
The hobgoblin is almost dead.
The hobgoblin hits you. The goblin hits you with a +0 dagger.
You shoot an arrow. The arrow hits the hobgoblin.
You kill the hobgoblin!
A goblin comes into view. It is wielding a +0 club.
Robin throws the goblin at you! The goblin misses you.
Robin roars a battlecry!
The goblin goes into a battle-frenzy!
A goblin comes into view. It is wielding a +0 dagger.
The goblin barely misses you.
You shoot an arrow. The arrow hits the hobgoblin.
The hobgoblin is almost dead.
The goblin hits you but does no damage. Robin closely misses you.
You shoot an arrow. The arrow hits the hobgoblin.
You kill the hobgoblin!
Robin closely misses you.
A hobgoblin comes into view.
The goblin barely misses you.
You shoot an arrow. The arrow hits the goblin.
The goblin is moderately wounded.
Robin throws the goblin at you! The goblin barely misses you.
The goblin hits you but does no damage.
You shoot an arrow. The arrow hits the goblin.
The goblin is heavily wounded.
Robin barely misses you. The goblin barely misses you.
The goblin hits you with a +0 dagger.
You shoot an arrow. The arrow hits the goblin.
You kill the goblin!
Robin throws the goblin at you! The goblin hits you with a +0 dagger.
The goblin closely misses you.
You shoot an arrow. The arrow barely misses the goblin.
Robin barely misses you. The goblin hits you with a +0 dagger.
You die...

##### ...# ######.####
#####
##.........####..$...
#...........g@%g..#
#..# ##.##..g!..g....
#).# #.##..#.###.###
.###..####.#........$..
.................###. #
####..###.##...### #.##
#.............# ...
#.#..###.##...# #..
#.#..#.#.##...... )..


You could see Robin and 3 goblins.

Vanquished Creatures
  4 dart slugs
  2 bats
  6 endoplasms
  A giant cockroach (D:1)
  4 goblins
  11 hobgoblins
  2 jackals (D:1)
  2 quokkas (D:1)
  A frilled lizard (D:1)
  4 rats
37 creatures vanquished.

Notes
Turn   | Place    | Note
-------+----------+-------------------------------------------
     0 | D:1      | qw the Deep Elf Hunter began the quest for the Orb.
     0 | D:1      | Reached XP level 1. HP: 12/12 MP: 3/3
     0 | D:1      | 0 ||| qw: Version: 0.3-a-9-g12657ce
     0 | D:1      | 0 ||| qw: Game counter: 4744
     0 | D:1      | 0 ||| qw: Always use a shield: true
     0 | D:1      | 0 ||| qw: God list: Okawaru
     0 | D:1      | 0 ||| qw: Allow faded altars: false
     0 | D:1      | 0 ||| qw: Do Orc after D:15 true
     0 | D:1      | 0 ||| qw: Do second Lair branch before Depths: true
     0 | D:1      | 0 ||| qw: Lair rune preference: random
     0 | D:1      | 0 ||| qw: Plans: Normal
     0 | D:1      | 0 ||| PLANNING D:1-11
   104 | D:1      | Reached XP level 2. HP: 16/16 MP: 4/4
   155 | D:1      | Reached skill level 6 in Ranged Weapons
   172 | D:1      | 172 ||| FLEEEEING.
   173 | D:1      | 173 ||| FLEEEEING.
   174 | D:1      | 174 ||| FLEEEEING.
   175 | D:1      | 175 ||| FLEEEEING.
   176 | D:1      | 176 ||| FLEEEEING.
   177 | D:1      | 177 ||| FLEEEEING.
   178 | D:1      | 178 ||| FLEEEEING.
   179 | D:1      | 179 ||| FLEEEEING.
   180 | D:1      | 180 ||| FLEEEEING.
   181 | D:1      | 181 ||| FLEEEEING.
   182 | D:1      | 182 ||| FLEEEEING.
   183 | D:1      | 183 ||| FLEEEEING.
   184 | D:1      | 184 ||| FLEEEEING.
   185 | D:1      | 185 ||| FLEEEEING.
   186 | D:1      | 186 ||| FLEEEEING.
   187 | D:1      | 187 ||| FLEEEEING.
   188 | D:1      | 188 ||| FLEEEEING.
   189 | D:1      | 189 ||| FLEEEEING.
   320 | D:1      | Reached XP level 3. HP: 15/20 MP: 5/5
   459 | D:1      | Found a faded altar of an unknown god.
   763 | D:1      | 763 ||| DROPPING ring of magical power.
   764 | D:1      | 764 ||| READING scroll labelled ERITOA MIFYVEISO.
   765 | D:1      | 765 ||| DROPPING scroll of butterflies.
   771 | D:2      | Found a blossoming altar of Fedhas.
   777 | D:2      | 777 ||| STAIRDANCE
   856 | D:2      | Reached skill level 7 in Ranged Weapons
   885 | D:2      | Noticed Robin
   891 | D:2      | HP: 4/20 [goblin/+0 dagger[Robin] (5)]
   896 | D:2      | HP: 2/20 [goblin/+0 dagger[Robin] (2)]
   898 | D:2      | Slain by a goblin

Levels and vault maps discovered:
D:1:      dpeg_arrival_round_b, layout_loops_ring,
          hellmonk_ecumenical_altar_slurped_away
D:2:      layout_loops_ring, serial_forest, infiniplex_forest_straight_3,
          infiniplex_forest_clump_double, infiniplex_forest_lined_corner,
          infiniplex_forest_end_3, infiniplex_forest_clump_small,
          infiniplex_forest_end_3, infiniplex_forest_lined_corner, basic_altar,
          uniq_robin

Skill      XL: |  1  2  3 |
---------------+----------+-----
Ranged Weapons | 6 7 |  7.1
Fighting       | |  1.5
Dodging        | |  2.4
Stealth        | |  1.2

Action                     || total
---------------------------++-------
   Fire: Shortbow          ||   110
    Use: Scroll            ||     1
 Armour: Leather armour    ||     8
  Dodge: Dodged            ||    35

Table legend:
 A = Non-vault XP
 B = Vault XP
 C = Vault XP percentage of total XP
 D = Non-vault monster count
 E = Vault monster count
 F = Vault count percentage of total count
                 A         B        C        D         E       F
            +---------+---------+-------+---------+---------+-------
      Total |      62 |      13 |  17.3 |      30 |       7 |  18.9
            +---------+---------+-------+---------+---------+-------
        D:1 |      50 |       2 |   3.8 |      24 |       1 |   4.0
        D:2 |      12 |      11 |  47.8 |       6 |       6 |  50.0
            +---------+---------+-------+---------+---------+-------
